Mulligans vs Sasquatch

Created - April 5, 2018 at 19:46

Goals
1 2 3 T
Mulligans 1 6 2 9
Sasquatch 0 5 1 6
Shots
1 2 3 T
Mulligans 10 15 15 40
Sasquatch 13 14 6 33

1st period

1. Mulligans , Matt Beleskey 21 (Anton Lander 32) at 10:23

Penalties :
Matt Halischuk (Gat) for High sticking (Minor) at 15:31, Matt Niskanen (Rep) for Tripping (Minor) at 17:56

2nd period

2. Mulligans , Eric Tangradi 51 (Maxime Macenauer 41, Jonathan Tremblay 35) at 1:37
3. Sasquatch , Jason Akeson 31 (Nick Leddy 53, Jason Zucker 39) at 2:47 (PP)
4. Mulligans , Matt Niskanen 9 (Eric Tangradi 73, Cody Goloubef 25) at 5:31
5. Mulligans , Eric Tangradi 52 (Thomas Hickey 48, Maxime Macenauer 42) at 6:25
6. Sasquatch , Brock Trotter 19 (Lauri Tukonen 21, Melker Karlsson 30) at 8:06
7. Sasquatch , Nick Bjugstad 32 (Jason Zucker 40, Matt Halischuk 29) at 8:20
8. Mulligans , Anton Lander 29 (Thomas Hickey 49, Jonathan Tremblay 36) at 15:10
9. Mulligans , Jonathan Tremblay 35 (Maxime Macenauer 43) at 15:16
10. Sasquatch , Matt Halischuk 20 (Nick Bjugstad 44, Lauri Tukonen 22) at 16:29
11. Mulligans , Jonathan Tremblay 36 (Thomas Hickey 50, Eric Tangradi 74) at 19:12
12. Sasquatch , Jason Akeson 32 (Brandon Gormley 42, Jason Zucker 41) at 19:18

Penalties :
Derek Dorsett (Rep) for Goalie Interference (Minor) at 2:22, Matt Niskanen (Rep) for Hooking (Minor) at 3:20, Teemu Hartikainen (Gat) for Boarding (Minor) at 10:54, Matt Niskanen (Rep) for Holding (Minor) at 19:38

3rd period

13. Mulligans , Matt Beleskey 22 (Matt Niskanen 44, Derek Dorsett 12) at 7:32 (PP)
14. Sasquatch , Matt Halischuk 21 (Martin Marincin 13) at 8:41
15. Mulligans , Maxime Macenauer 28 (Thomas Hickey 51, Eric Tangradi 75) at 16:03 (PP)

Penalties :
Nick Leddy (Gat) for Delaying the game (Minor) at 5:59, Melker Karlsson (Gat) for Interference (Minor) at 9:56, Brock Trotter (Gat) for Slashing (Minor) at 15:57

Goalie Stats

Anders Lindback (Rep), 27 saves from 33 shots - (0.818), W, 29-18-2, 60:00 minutes
Joonas Korpisalo (Gat), 20 saves from 25 shots - (0.800), 38:53 minutes
Corey Crawford (Gat), 11 saves from 15 shots - (0.733), L, 31-17-5, 21:07 minutes

Players Stats for Mulligans

Player Name              G  A  P  +/- PIM S  H  SB GA TA FO     MP     PP MP  PK MP  
------------------------------------------------------------------------------------
Adam Lowry               0  0  0   0  0   0  0  0  0  0  0/0     0:00   0:00   0:00 
Anton Lander             1  1  2   0  0   3  0  0  0  0  7/14   15:13   2:24   0:00 
Benn Ferriero            0  0  0   0  0   0  0  0  1  0  0/1    10:36   0:00   0:00 
Cade Fairchild           0  0  0  -1  0   1  2  0  0  0  0/0    19:57   2:12   2:22 
Christoph Bertschy       0  0  0  -1  0   0  0  0  0  0  1/4     6:29   0:00   0:00 
Cody Goloubef            0  1  1  -1  0   2  1  0  0  0  0/0    20:02   2:12   2:23 
Dalton Thrower           0  0  0   3  0   2  1  1  0  0  0/0    13:53   0:00   3:51 
Darren Dietz             0  0  0   3  0   0  0  0  0  0  0/0    10:21   0:00   0:17 
Derek Dorsett            0  1  1   0  2   2  5  0  0  1  0/0    15:12   2:24   0:00 
Drayson Bowman           0  0  0   0  0   4  1  0  0  0  0/0    10:36   0:00   0:00 
Eric Tangradi            2  3  5   3  0   5  2  0  1  1  8/12   25:13   5:12   3:53 
Jonathan Tremblay        2  2  4   3  0   6  1  2  0  0  0/1    25:16   5:12   3:56 
Joonas Donskoi           0  0  0   0  0   0  0  0  0  0  0/0     0:00   0:00   0:00 
Logan Shaw               0  0  0  -1  0   2  0  0  0  0  0/0     6:29   0:00   0:00 
Mario Lucia              0  0  0   0  0   0  0  0  0  0  0/0     0:55   0:00   0:55 
Matt Beleskey            2  0  2   0  0   2  1  0  1  0  0/0    16:50   2:24   1:37 
Matt Niskanen            1  1  2   1  6   3  1  0  2  0  0/0    26:10   5:24   0:00 
Maxime Macenauer         1  3  4   2  0   5  1  0  1  1  22/41  22:41   5:12   1:37 
Nick Shore               0  0  0   0  0   1  1  0  0  0  4/5    10:36   0:00   0:00 
Reid Boucher             0  0  0   0  0   0  0  0  0  0  0/0     0:00   0:00   0:00 
Sven Baertschi           0  0  0  -1  0   1  0  0  0  0  0/0     7:15   0:00   0:46 
Thomas Hickey            0  4  4   0  0   1  0  2  2  0  0/0    29:50   5:24   3:51 

Players Stats for Sasquatch

Player Name              G  A  P  +/- PIM S  H  SB GA TA FO     MP     PP MP  PK MP  
------------------------------------------------------------------------------------
Andrew Campbell          0  0  0   1  0   1  3  1  0  2  0/0    23:27   2:05   4:50 
Brandon Gormley          0  1  1   1  0   1  0  1  0  1  0/0    18:52   2:05   2:46 
Brock Trotter            1  0  1  -1  2   1  1  0  0  0  2/2    14:35   0:33   2:35 
Drew Shore               0  0  0  -1  0   3  1  1  0  0  2/9     5:45   0:00   0:28 
Filip Forsberg           0  0  0  -3  0   2  2  1  1  0  1/1    20:48   3:52   0:00 
Jason Akeson             2  0  2  -3  0   5  0  2  0  0  2/4    20:48   3:52   0:00 
Jason Zucker             0  3  3   3  0   2  2  0  1  0  12/28  22:27   4:00   0:07 
Lauri Tukonen            0  2  2  -1  0   0  0  2  0  1  0/0    16:17   0:33   4:54 
Martin Marincin          0  1  1  -1  0   0  1  1  0  1  0/0    14:27   0:00   4:50 
Matt Halischuk           2  1  3   3  2   3  1  1  0  0  0/0    11:10   0:00   0:00 
Melker Karlsson          0  1  1  -1  2   3  4  0  0  1  0/2    13:02   1:46   0:07 
Nick Bjugstad            1  1  2   3  0   3  3  1  0  0  12/15  14:22   1:57   0:52 
Nick Leddy               0  1  1  -2  2   5  0  2  0  1  0/0    24:00   4:17   0:00 
Patrick Wey              0  0  0  -2  0   1  1  0  1  0  0/0    26:58   4:17   2:46 
Petr Straka              0  0  0  -3  0   1  0  1  0  0  1/2    12:24   1:57   0:00 
Sergey Kalinin           0  0  0  -1  0   1  1  0  0  0  2/7    11:07   0:36   3:32 
Slava Voynov             0  0  0  -1  0   0  2  3  0  1  0/0    12:15   0:00   0:00 
Teemu Hartikainen        0  0  0  -1  2   1  1  0  0  0  2/8     9:35   0:00   2:37 

3 Stars

1 - Eric Tangradi (Rep)
2 - Jonathan Tremblay (Rep)
3 - Maxime Macenauer (Rep)

Power Play

Mulligans - 2 on 5 Attempt(s) - 40.00%
Sasquatch - 1 on 4 Attempt(s) - 25.00%

Penalty Kill

Mulligans - 3 on 4 Attempt(s) - 75.00% - Score 0 goal in Penalty Kill
Sasquatch - 3 on 5 Attempt(s) - 60.00% - Score 0 goal in Penalty Kill

Team Stat

Mulligans - Hits : 17 - Faceoff Wins : 42 - Blocked Shots : 5 - Penalty Minutes : 8
Sasquatch - Hits : 23 - Faceoff Wins : 36 - Blocked Shots : 17 - Penalty Minutes : 10

Official

Referees : Marouelli Dan and Rooney Chris
Linesman : Greg Devorski and Ryan Galloway

Game Notes

Drew Shore is injured at 15:59 of 1st period (Left Wrist)
Corey Crawford enters game at 6:25 of 2nd period
Joonas Korpisalo enters game at 7:32 of 3rd period

Finance

Level 1 -- Attendance: 1639 (81.95%) -- Ticket Income $65,560
Level 2 -- Attendance: 704 (70.40%) -- Ticket Income $14,080
Total Attendance: 2343 (78.10%)
Total Ticket Income: $79,640
Other Income: $3,982
Total Income: $83,622

Mulligans

5 vs 5 Forward 
   Center                   Left Wing                Right Wing               Time % Phy DF OF 
 1 Maxime Macenauer         Eric Tangradi            Jonathan Tremblay        40     1   2  2  
 2 Anton Lander             Matt Beleskey            Derek Dorsett            30     1   2  2  
 3 Nick Shore               Drayson Bowman           Benn Ferriero            20     1   2  2  
 4 Christoph Bertschy       Sven Baertschi           Logan Shaw               10     1   2  2  

5 vs 5 Defense 
   Defense                  Defense                                           Time % Phy DF OF 
 1 Matt Niskanen            Thomas Hickey                                     40     1   2  2  
 2 Cody Goloubef            Cade Fairchild                                    30     1   2  2  
 3 Darren Dietz             Dalton Thrower                                    20     1   2  2  
 4 Matt Niskanen            Thomas Hickey                                     10     1   2  2  

PowerPlay Forward 
   Center                   Left Wing                Right Wing               Time % Phy DF OF 
 1 Maxime Macenauer         Eric Tangradi            Jonathan Tremblay        60     1   2  2  
 2 Anton Lander             Matt Beleskey            Derek Dorsett            40     1   2  2  

PowerPlay Defense
   Defense                  Defense                                           Time % Phy DF OF 
 1 Matt Niskanen            Thomas Hickey                                     60     1   2  2  
 2 Cody Goloubef            Cade Fairchild                                    40     1   2  2  

Penalty Kill 4 Players Forward 
   Center                   Wing                     Time % Phy DF OF 
 1 Eric Tangradi            Jonathan Tremblay        60     1   2  2  
 2 Maxime Macenauer         Matt Beleskey            40     1   2  2  

Penalty Kill 4 Players Defense
   Defense                  Defense                  Time % Phy DF OF 
 1 Matt Niskanen            Thomas Hickey            60     1   2  2  
 2 Cody Goloubef            Cade Fairchild           40     1   2  2  

Penalty Kill - 3 Players Forward 
   Forward                                           Time % Phy DF OF 
 1 Eric Tangradi                                     60     1   2  2  
 2 Jonathan Tremblay                                 40     1   2  2  

Penalty Kill - 3 Players Defense
   Defense                  Defense                  Time % Phy DF OF 
 1 Matt Niskanen            Thomas Hickey            60     1   2  2  
 2 Cody Goloubef            Cade Fairchild           40     1   2  2  

4 vs 4 Forward 
   Center                   Wing                     Time % Phy DF OF 
 1 Eric Tangradi            Jonathan Tremblay        60     1   2  2  
 2 Maxime Macenauer         Matt Beleskey            40     1   2  2  

4 vs 4 Defense
   Defense                  Defense                  Time % Phy DF OF 
 1 Matt Niskanen            Thomas Hickey            60     1   2  2  
 2 Cody Goloubef            Cade Fairchild           40     1   2  2  

Last Minutes Offensive
   Center                   Left Wing                Right Wing               Defense                  Defense                  
   Maxime Macenauer         Eric Tangradi            Jonathan Tremblay        Matt Niskanen            Thomas Hickey            

Last Minutes Defensive
   Center                   Left Wing                Right Wing               Defense                  Defense                  
   Maxime Macenauer         Eric Tangradi            Jonathan Tremblay        Matt Niskanen            Thomas Hickey            

Goaltenders
Starting : Anders Lindback          
Backup : Calvin Pickard           

Extra Forwards
Normal : Joonas Donskoi, Reid Boucher, Mario Lucia - PP : Joonas Donskoi, Reid Boucher - PK : Mario Lucia
Extra Defensemen
Normal : Darren Dietz, Dalton Thrower, Cody Goloubef - PP : Darren Dietz - PK : Dalton Thrower, Cody Goloubef
Penalty Shots
Eric Tangradi, Jonathan Tremblay, Maxime Macenauer, Matt Beleskey, Anton Lander

Scratches
Ben Hutton (Bruised Left Leg Injury), Nick Bonino (Healthy), Marek Langhamer (Healthy)

Sasquatch

5 vs 5 Forward 
   Center                   Left Wing                Right Wing               Time % Phy DF OF 
 1 Drew Shore               Filip Forsberg           Jason Akeson             40     1   2  2  
 2 Nick Bjugstad            Jason Zucker             Matt Halischuk           30     1   2  2  
 3 Melker Karlsson          Brock Trotter            Lauri Tukonen            20     1   2  2  
 4 Sergey Kalinin           Teemu Hartikainen        Petr Straka              10     1   2  2  

5 vs 5 Defense 
   Defense                  Defense                                           Time % Phy DF OF 
 1 Patrick Wey              Nick Leddy                                        40     1   2  2  
 2 Brandon Gormley          Andrew Campbell                                   30     1   2  2  
 3 Martin Marincin          Slava Voynov                                      20     1   2  2  
 4 Slava Voynov             Andrew Campbell                                   10     1   2  2  

PowerPlay Forward 
   Center                   Left Wing                Right Wing               Time % Phy DF OF 
 1 Drew Shore               Filip Forsberg           Jason Akeson             60     1   2  2  
 2 Nick Bjugstad            Jason Zucker             Petr Straka              40     1   2  2  

PowerPlay Defense
   Defense                  Defense                                           Time % Phy DF OF 
 1 Nick Leddy               Patrick Wey                                       60     1   2  2  
 2 Brandon Gormley          Andrew Campbell                                   40     1   2  2  

Penalty Kill 4 Players Forward 
   Center                   Wing                     Time % Phy DF OF 
 1 Drew Shore               Lauri Tukonen            60     1   2  2  
 2 Sergey Kalinin           Matt Halischuk           40     1   2  2  

Penalty Kill 4 Players Defense
   Defense                  Defense                  Time % Phy DF OF 
 1 Martin Marincin          Andrew Campbell          60     1   2  2  
 2 Brandon Gormley          Patrick Wey              40     1   2  2  

Penalty Kill - 3 Players Forward 
   Forward                                           Time % Phy DF OF 
 1 Sergey Kalinin                                    60     1   2  2  
 2 Brock Trotter                                     40     1   2  2  

Penalty Kill - 3 Players Defense
   Defense                  Defense                  Time % Phy DF OF 
 1 Andrew Campbell          Brandon Gormley          60     1   2  2  
 2 Martin Marincin          Patrick Wey              40     1   2  2  

4 vs 4 Forward 
   Center                   Wing                     Time % Phy DF OF 
 1 Nick Bjugstad            Filip Forsberg           60     1   2  2  
 2 Drew Shore               Jason Zucker             40     1   2  2  

4 vs 4 Defense
   Defense                  Defense                  Time % Phy DF OF 
 1 Brandon Gormley          Patrick Wey              60     1   2  2  
 2 Nick Leddy               Martin Marincin          40     1   2  2  

Last Minutes Offensive
   Center                   Left Wing                Right Wing               Defense                  Defense                  
   Drew Shore               Filip Forsberg           Jason Akeson             Brandon Gormley          Nick Leddy               

Last Minutes Defensive
   Center                   Left Wing                Right Wing               Defense                  Defense                  
   Drew Shore               Filip Forsberg           Matt Halischuk           Martin Marincin          Andrew Campbell          

Goaltenders
Starting : Joonas Korpisalo         
Backup : Corey Crawford           

Extra Forwards
Normal : Jason Zucker, Petr Straka, Teemu Hartikainen - PP : Jason Zucker, Melker Karlsson - PK : Teemu Hartikainen
Extra Defensemen
Normal : Brandon Gormley, Slava Voynov, Nick Leddy - PP : Brandon Gormley - PK : Nick Leddy, Slava Voynov
Penalty Shots
Jason Akeson, Jason Zucker, Nick Leddy, Filip Forsberg, Lauri Tukonen

Scratches
Andy Andreoff (Healthy), T.J. Tynan (Healthy), Nicolas Deslauriers (Healthy), Ty Rattie (Healthy), Joey Laleggia (Healthy)
Jack Campbell (Healthy)

% Time on Ice - Mulligans

Lines # - Real PCT - Wanted PCT - Time Play
Normal Forward
1 - 35% - 40% - 16:08
2 - 28% - 30% - 12:49
3 - 23% - 20% - 10:36
4 - 14% - 10% - 6:29
Normal Defense
1 - 43% - 40% - 19:50
2 - 33% - 30% - 15:23
3 - 19% - 20% - 8:34
4 - 5% - 10% - 2:15
PP Forward
1 - 68% - 60% - 5:12
2 - 32% - 40% - 2:24
PP Defense
1 - 71% - 60% - 5:24
2 - 29% - 40% - 2:12
PK Forward
1 - 75% - 60% - 4:45
2 - 25% - 40% - 1:37
PK Defense
1 - 65% - 60% - 4:08
2 - 35% - 40% - 2:14
PK3 Forward
1 - 0% - 60%
2 - 0% - 40%
PK3 Defense
1 - 0% - 60%
2 - 0% - 40%
44 Forward
1 - 0% - 60%
2 - 0% - 40%
44 Defense
1 - 0% - 60%
2 - 0% - 40%
Last Minute Offensive  - 0:00
Last Minute Defensive  - 0:00
Total
Forward - 60:00
Defense - 60:00

% Time on Ice - Sasquatch

Lines # - Real PCT - Wanted PCT - Time Play
Normal Forward
1 - 38% - 40% - 17:19
2 - 24% - 30% - 11:12
3 - 23% - 20% - 10:48
4 - 15% - 10% - 6:43
Normal Defense
1 - 43% - 40% - 19:46
2 - 30% - 30% - 14:01
3 - 21% - 20% - 9:35
4 - 6% - 10% - 2:40
PP Forward
1 - 69% - 60% - 4:25
2 - 31% - 40% - 1:57
PP Defense
1 - 67% - 60% - 4:17
2 - 33% - 40% - 2:05
PK Forward
1 - 100% - 60% - 7:36
2 - 0% - 40% - 0:00
PK Defense
1 - 64% - 60% - 4:50
2 - 36% - 40% - 2:46
PK3 Forward
1 - 0% - 60%
2 - 0% - 40%
PK3 Defense
1 - 0% - 60%
2 - 0% - 40%
44 Forward
1 - 0% - 60%
2 - 0% - 40%
44 Defense
1 - 0% - 60%
2 - 0% - 40%
Last Minute Offensive  - 0:00
Last Minute Defensive  - 0:00
Total
Forward - 60:00
Defense - 60:00

Play by Play

1st period


0:01 of 1st period - Eric Tangradi wins face-off versus Drew Shore in neutral zone.
0:26 of 1st period - Nick Bjugstad is hit by Derek Dorsett and loses puck.
0:37 of 1st period - Wrist shot by Derek Dorsett.
0:37 of 1st period - Shot Misses the Net.
1:11 of 1st period - Slapshot by Nick Leddy.
1:11 of 1st period - Stopped by Anders Lindback with a rebound.
1:13 of 1st period - Slapshot by Petr Straka.
1:13 of 1st period - Deflect By Darren Dietz.
1:13 of 1st period - Shot Misses the Net.
1:13 of 1st period - Puck is out of play.
1:14 of 1st period - Filip Forsberg wins face-off versus Maxime Macenauer in Mulligans zone.
1:15 of 1st period - Snap shot by Jason Akeson.
1:15 of 1st period - Shot Hit the Post.
1:21 of 1st period - Slapshot by Jason Akeson.
1:21 of 1st period - Deflect By Drew Shore.
1:21 of 1st period - Stopped by Anders Lindback with a rebound.
1:23 of 1st period - Slapshot by Andrew Campbell.
1:23 of 1st period - Deflect By Drew Shore.
1:23 of 1st period - Shot Misses the Net.
1:23 of 1st period - Puck is out of play.
1:24 of 1st period - Maxime Macenauer wins face-off versus Drew Shore in Mulligans zone.
1:31 of 1st period - Snap shot by Jonathan Tremblay.
1:31 of 1st period - Shot Misses the Net.
1:39 of 1st period - Slapshot by Drew Shore.
1:39 of 1st period - Stopped by Anders Lindback without a rebound.
1:40 of 1st period - Nick Bjugstad wins face-off versus Anton Lander in Mulligans zone.
2:29 of 1st period - Slapshot by Jonathan Tremblay.
2:29 of 1st period - Stopped by Joonas Korpisalo with a rebound.
2:31 of 1st period - Wrist shot by Jonathan Tremblay.
2:31 of 1st period - Shot Misses the Net.
2:45 of 1st period - Martin Marincin is hit by Cade Fairchild and loses puck.
3:04 of 1st period - Wrist shot by Teemu Hartikainen.
3:04 of 1st period - Stopped by Anders Lindback without a rebound.
3:05 of 1st period - Nick Bjugstad wins face-off versus Anton Lander in Mulligans zone.
3:28 of 1st period - Anton Lander is hit by Andrew Campbell and loses puck.
3:54 of 1st period - Snap shot by Jason Zucker.
3:54 of 1st period - Shot Misses the Net.
4:34 of 1st period - Wrist shot by Derek Dorsett.
4:34 of 1st period - Stopped by Joonas Korpisalo without a rebound.
4:35 of 1st period - Drew Shore wins face-off versus Jonathan Tremblay in Sasquatch zone.
4:45 of 1st period - Slapshot by Jason Akeson.
4:45 of 1st period - Stopped by Anders Lindback without a rebound.
4:46 of 1st period - Jason Akeson wins face-off versus Maxime Macenauer in Mulligans zone.
4:47 of 1st period - Slapshot by Nick Leddy.
4:47 of 1st period - Stopped by Anders Lindback with a rebound.
4:49 of 1st period - Snap shot by Drew Shore.
4:49 of 1st period - Shot Misses the Net.
4:51 of 1st period - Snap shot by Jason Akeson.
4:51 of 1st period - Shot Misses the Net.
5:18 of 1st period - Snap shot by Drayson Bowman.
5:18 of 1st period - Stopped by Joonas Korpisalo with a rebound.
5:40 of 1st period - Slapshot by Thomas Hickey.
5:40 of 1st period - Shot Blocked by Slava Voynov.
7:43 of 1st period - Matt Niskanen is hit by Nick Bjugstad and loses puck.
7:54 of 1st period - Martin Marincin is hit by Matt Beleskey and loses puck.
8:55 of 1st period - Cade Fairchild is hit by Nick Bjugstad and loses puck.
9:41 of 1st period - Teemu Hartikainen is hit by Jonathan Tremblay and loses puck.
10:21 of 1st period - Wrist shot by Anton Lander.
10:21 of 1st period - Deflect By Brock Trotter.
10:21 of 1st period - Shot Misses the Net.
10:21 of 1st period - Puck is out of play.
10:22 of 1st period - Anton Lander wins face-off versus Drew Shore in Sasquatch zone.
10:23 of 1st period - Snap shot by Matt Beleskey.
10:23 of 1st period - Deflect By Drew Shore.
10:23 of 1st period - Goal by Matt Beleskey - Mulligans : 1 - Sasquatch : 0.
10:24 of 1st period - Maxime Macenauer wins face-off versus Drew Shore in neutral zone.
10:33 of 1st period - Drew Shore is hit by Matt Niskanen and loses puck.
11:01 of 1st period - Wrist shot by Drayson Bowman.
11:01 of 1st period - Stopped by Joonas Korpisalo with a rebound.
11:15 of 1st period - Slapshot by Logan Shaw.
11:15 of 1st period - Stopped by Joonas Korpisalo without a rebound.
11:16 of 1st period - Nick Bjugstad wins face-off versus Christoph Bertschy in Sasquatch zone.
11:51 of 1st period - Snap shot by Melker Karlsson.
11:51 of 1st period - Stopped by Anders Lindback with a rebound.
11:53 of 1st period - Snap shot by Brock Trotter.
11:53 of 1st period - Shot Misses the Net.
11:55 of 1st period - Slapshot by Andrew Campbell.
11:55 of 1st period - Stopped by Anders Lindback without a rebound.
11:56 of 1st period - Anton Lander wins face-off versus Sergey Kalinin in Mulligans zone.
12:04 of 1st period - Slapshot by Teemu Hartikainen.
12:04 of 1st period - Shot Hit the Post.
12:06 of 1st period - Slapshot by Patrick Wey.
12:06 of 1st period - Stopped by Anders Lindback without a rebound.
12:07 of 1st period - Maxime Macenauer wins face-off versus Drew Shore in Mulligans zone.
12:18 of 1st period - Off-side.
12:19 of 1st period - Maxime Macenauer wins face-off versus Drew Shore in neutral zone.
12:22 of 1st period - Wrist shot by Jonathan Tremblay.
12:22 of 1st period - Shot Blocked by Drew Shore.
12:24 of 1st period - Snap shot by Eric Tangradi.
12:24 of 1st period - Shot Blocked by Jason Akeson.
12:46 of 1st period - Matt Niskanen is hit by Matt Halischuk and loses puck.
13:25 of 1st period - Slapshot by Brandon Gormley.
13:25 of 1st period - Deflect By Darren Dietz.
13:25 of 1st period - Stopped by Anders Lindback without a rebound.
13:26 of 1st period - Christoph Bertschy wins face-off versus Sergey Kalinin in Mulligans zone.
13:33 of 1st period - Snap shot by Sven Baertschi.
13:33 of 1st period - Shot Blocked by Nick Leddy.
13:35 of 1st period - Slapshot by Darren Dietz.
13:35 of 1st period - Shot Misses the Net.
13:39 of 1st period - Snap shot by Logan Shaw.
13:39 of 1st period - Shot Blocked by Nick Leddy.
13:41 of 1st period - Snap shot by Logan Shaw.
13:41 of 1st period - Stopped by Joonas Korpisalo with a rebound.
13:51 of 1st period - Maxime Macenauer is hit by Drew Shore and loses puck.
14:04 of 1st period - Slapshot by Drew Shore.
14:04 of 1st period - Stopped by Anders Lindback with a rebound.
14:21 of 1st period - Snap shot by Nick Bjugstad.
14:21 of 1st period - Shot Misses the Net.
14:23 of 1st period - Slapshot by Martin Marincin.
14:23 of 1st period - Shot Misses the Net.
14:35 of 1st period - Snap shot by Drayson Bowman.
14:35 of 1st period - Deflect By Benn Ferriero.
14:35 of 1st period - Shot Misses the Net.
14:35 of 1st period - Puck is out of play.
14:36 of 1st period - Brock Trotter wins face-off versus Nick Shore in Sasquatch zone.
14:43 of 1st period - Wrist shot by Drayson Bowman.
14:43 of 1st period - Shot Misses the Net.
14:45 of 1st period - Snap shot by Benn Ferriero.
14:45 of 1st period - Deflect By Nick Shore.
14:45 of 1st period - Stopped by Joonas Korpisalo with a rebound.
14:47 of 1st period - Backhand shot by Matt Niskanen.
14:47 of 1st period - Deflect By Drayson Bowman.
14:47 of 1st period - Shot Misses the Net.
14:47 of 1st period - Puck is out of play.
14:48 of 1st period - Drew Shore wins face-off versus Maxime Macenauer in Sasquatch zone.
15:26 of 1st period - Wrist shot by Drayson Bowman.
15:26 of 1st period - Stopped by Joonas Korpisalo without a rebound.
15:27 of 1st period - Maxime Macenauer wins face-off versus Nick Bjugstad in Sasquatch zone.
15:31 of 1st period - Minor Penalty to Matt Halischuk for High sticking.
15:32 of 1st period - Maxime Macenauer wins face-off versus Drew Shore in Sasquatch zone.
15:32 of 1st period - Wrist shot by Eric Tangradi.
15:32 of 1st period - Stopped by Joonas Korpisalo with a rebound.
15:58 of 1st period - Drew Shore is hit by Derek Dorsett and loses puck.
15:59 of 1st period - Drew Shore from Sasquatch is injured at 15:59 of 1st period (Left Wrist).
16:00 of 1st period - Teemu Hartikainen wins face-off versus Maxime Macenauer in Sasquatch zone.
17:31 of 1st period - Penalty to Matt Halischuk is over, Matt Halischuk is back on ice.
17:32 of 1st period - Off-side.
17:33 of 1st period - Nick Shore wins face-off versus Jason Zucker in neutral zone.
17:49 of 1st period - Wrist shot by Jason Akeson.
17:49 of 1st period - Stopped by Anders Lindback without a rebound.
17:50 of 1st period - Nick Bjugstad wins face-off versus Maxime Macenauer in Mulligans zone.
17:51 of 1st period - Snap shot by Jason Zucker.
17:51 of 1st period - Stopped by Anders Lindback with a rebound.
17:56 of 1st period - Minor Penalty to Matt Niskanen for Tripping.
17:57 of 1st period - Eric Tangradi wins face-off versus Jason Zucker in Mulligans zone.
18:13 of 1st period - Slapshot by Jason Akeson.
18:13 of 1st period - Shot Blocked by Jonathan Tremblay.
19:56 of 1st period - Penalty to Matt Niskanen is over, Matt Niskanen is back on ice.
Goals for this period are 1 for Mulligans vs 0 for Sasquatch.
Shots for this period are 10 for Mulligans vs 13 for Sasquatch.

2nd period


0:01 of 2nd period - Eric Tangradi wins face-off versus Jason Zucker in neutral zone.
0:26 of 2nd period - Anton Lander is hit by Melker Karlsson and loses puck.
0:33 of 2nd period - Snap shot by Derek Dorsett.
0:33 of 2nd period - Shot Misses the Net.
0:35 of 2nd period - Wrist shot by Derek Dorsett.
0:35 of 2nd period - Shot Misses the Net.
1:37 of 2nd period - Wrist shot by Eric Tangradi.
1:37 of 2nd period - Goal by Eric Tangradi - Mulligans : 2 - Sasquatch : 0.
1:38 of 2nd period - Jason Zucker wins face-off versus Maxime Macenauer in neutral zone.
1:41 of 2nd period - Slapshot by Nick Leddy.
1:41 of 2nd period - Stopped by Anders Lindback with a rebound.
2:05 of 2nd period - Matt Niskanen is hit by Brock Trotter and loses puck.
2:22 of 2nd period - Minor Penalty to Derek Dorsett for Goalie Interference.
2:23 of 2nd period - Eric Tangradi wins face-off versus Jason Akeson in Mulligans zone.
2:31 of 2nd period - Icing by Patrick Wey.
2:32 of 2nd period - Jason Zucker wins face-off versus Eric Tangradi in Sasquatch zone.
2:41 of 2nd period - Slapshot by Jason Zucker.
2:41 of 2nd period - Shot Misses the Net.
2:43 of 2nd period - Snap shot by Nick Leddy.
2:43 of 2nd period - Shot Misses the Net.
2:45 of 2nd period - Snap shot by Nick Leddy.
2:45 of 2nd period - Shot Blocked by Jonathan Tremblay.
2:47 of 2nd period - Snap shot by Jason Akeson.
2:47 of 2nd period - Goal by Jason Akeson - Mulligans : 2 - Sasquatch : 1.
2:48 of 2nd period - Jason Zucker wins face-off versus Maxime Macenauer in neutral zone.
2:59 of 2nd period - Snap shot by Jason Akeson.
2:59 of 2nd period - Stopped by Anders Lindback without a rebound.
3:00 of 2nd period - Jason Zucker wins face-off versus Maxime Macenauer in Mulligans zone.
3:13 of 2nd period - Snap shot by Filip Forsberg.
3:13 of 2nd period - Stopped by Anders Lindback without a rebound.
3:14 of 2nd period - Nick Bjugstad wins face-off versus Anton Lander in Mulligans zone.
3:17 of 2nd period - Snap shot by Nick Bjugstad.
3:17 of 2nd period - Deflect By Jason Zucker.
3:17 of 2nd period - Stopped by Anders Lindback without a rebound.
3:18 of 2nd period - Anton Lander wins face-off versus Nick Bjugstad in Mulligans zone.
3:20 of 2nd period - Minor Penalty to Matt Niskanen for Hooking.
3:21 of 2nd period - Jason Zucker wins face-off versus Eric Tangradi in Mulligans zone.
3:37 of 2nd period - Snap shot by Jason Zucker.
3:37 of 2nd period - Shot Blocked by Thomas Hickey.
3:53 of 2nd period - Snap shot by Petr Straka.
3:53 of 2nd period - Shot Misses the Net.
4:17 of 2nd period - Cade Fairchild is hit by Melker Karlsson and loses puck.
4:47 of 2nd period - Jonathan Tremblay is hit by Jason Zucker and loses puck.
5:05 of 2nd period - Wrist shot by Sergey Kalinin.
5:05 of 2nd period - Stopped by Anders Lindback without a rebound.
5:06 of 2nd period - Maxime Macenauer wins face-off versus Melker Karlsson in Mulligans zone.
5:20 of 2nd period - Penalty to Matt Niskanen is over, Matt Niskanen is back on ice.
5:31 of 2nd period - Backhand shot by Matt Niskanen.
5:31 of 2nd period - Goal by Matt Niskanen - Mulligans : 3 - Sasquatch : 1.
5:32 of 2nd period - Anton Lander wins face-off versus Jason Zucker in neutral zone.
5:43 of 2nd period - Snap shot by Matt Niskanen.
5:43 of 2nd period - Stopped by Joonas Korpisalo with a rebound.
5:45 of 2nd period - Snap shot by Anton Lander.
5:45 of 2nd period - Shot Misses the Net.
5:47 of 2nd period - Wrist shot by Matt Beleskey.
5:47 of 2nd period - Shot Misses the Net.
6:17 of 2nd period - Off-side.
6:18 of 2nd period - Maxime Macenauer wins face-off versus Sergey Kalinin in neutral zone.
6:25 of 2nd period - Snap shot by Eric Tangradi.
6:25 of 2nd period - Goal by Eric Tangradi - Mulligans : 4 - Sasquatch : 1.
6:25 of 2nd period - Corey Crawford enters game.
6:26 of 2nd period - Jason Zucker wins face-off versus Maxime Macenauer in neutral zone.
6:31 of 2nd period - Slapshot by Brandon Gormley.
6:31 of 2nd period - Shot Misses the Net.
6:51 of 2nd period - Matt Beleskey is hit by Andrew Campbell and loses puck.
7:10 of 2nd period - Slapshot by Sven Baertschi.
7:10 of 2nd period - Stopped by Corey Crawford without a rebound.
7:11 of 2nd period - Nick Bjugstad wins face-off versus Christoph Bertschy in Sasquatch zone.
7:18 of 2nd period - Slapshot by Patrick Wey.
7:18 of 2nd period - Shot Misses the Net.
8:04 of 2nd period - Wrist shot by Brock Trotter.
8:04 of 2nd period - Shot Blocked by Thomas Hickey.
8:06 of 2nd period - Snap shot by Brock Trotter.
8:06 of 2nd period - Goal by Brock Trotter - Mulligans : 4 - Sasquatch : 2.
8:07 of 2nd period - Nick Bjugstad wins face-off versus Maxime Macenauer in neutral zone.
8:20 of 2nd period - Snap shot by Nick Bjugstad.
8:20 of 2nd period - Goal by Nick Bjugstad - Mulligans : 4 - Sasquatch : 3.
8:21 of 2nd period - Jason Zucker wins face-off versus Maxime Macenauer in neutral zone.
8:21 of 2nd period - Brandon Gormley is hit by Eric Tangradi and loses puck.
8:25 of 2nd period - Filip Forsberg is hit by Maxime Macenauer and loses puck.
8:44 of 2nd period - Icing by Maxime Macenauer.
8:45 of 2nd period - Maxime Macenauer wins face-off versus Melker Karlsson in Mulligans zone.
9:27 of 2nd period - Icing by Drayson Bowman.
9:28 of 2nd period - Nick Shore wins face-off versus Petr Straka in Mulligans zone.
9:41 of 2nd period - Snap shot by Jonathan Tremblay.
9:41 of 2nd period - Deflect By Maxime Macenauer.
9:41 of 2nd period - Stopped by Corey Crawford without a rebound.
9:42 of 2nd period - Nick Bjugstad wins face-off versus Anton Lander in Sasquatch zone.
10:54 of 2nd period - Minor Penalty to Teemu Hartikainen for Boarding.
10:55 of 2nd period - Sergey Kalinin wins face-off versus Maxime Macenauer in Sasquatch zone.
11:03 of 2nd period - Off-side.
11:04 of 2nd period - Maxime Macenauer wins face-off versus Sergey Kalinin in neutral zone.
11:09 of 2nd period - Slapshot by Thomas Hickey.
11:09 of 2nd period - Stopped by Corey Crawford without a rebound.
11:10 of 2nd period - Sergey Kalinin wins face-off versus Maxime Macenauer in Sasquatch zone.
12:54 of 2nd period - Penalty to Teemu Hartikainen is over, Teemu Hartikainen is back on ice.
12:58 of 2nd period - Icing by Nick Leddy.
12:59 of 2nd period - Jason Zucker wins face-off versus Anton Lander in Sasquatch zone.
13:07 of 2nd period - Off-side.
13:08 of 2nd period - Nick Shore wins face-off versus Jason Zucker in neutral zone.
13:17 of 2nd period - Snap shot by Benn Ferriero.
13:17 of 2nd period - Shot Blocked by Brandon Gormley.
13:19 of 2nd period - Slapshot by Darren Dietz.
13:19 of 2nd period - Shot Misses the Net.
13:21 of 2nd period - Slapshot by Dalton Thrower.
13:21 of 2nd period - Deflect By Filip Forsberg.
13:21 of 2nd period - Stopped by Corey Crawford with a rebound.
13:35 of 2nd period - Maxime Macenauer is hit by Melker Karlsson and loses puck.
14:06 of 2nd period - Snap shot by Teemu Hartikainen.
14:06 of 2nd period - Shot Blocked by Dalton Thrower.
14:16 of 2nd period - Jason Zucker is hit by Dalton Thrower and loses puck.
14:21 of 2nd period - Slapshot by Anton Lander.
14:21 of 2nd period - Stopped by Corey Crawford with a rebound.
14:23 of 2nd period - Snap shot by Derek Dorsett.
14:23 of 2nd period - Shot Blocked by Matt Halischuk.
14:25 of 2nd period - Snap shot by Anton Lander.
14:25 of 2nd period - Stopped by Corey Crawford with a rebound.
14:27 of 2nd period - Slapshot by Darren Dietz.
14:27 of 2nd period - Shot Blocked by Nick Bjugstad.
14:36 of 2nd period - Icing by Nick Bjugstad.
14:37 of 2nd period - Petr Straka wins face-off versus Maxime Macenauer in Sasquatch zone.
14:44 of 2nd period - Snap shot by Jason Akeson.
14:44 of 2nd period - Shot Misses the Net.
15:10 of 2nd period - Snap shot by Anton Lander.
15:10 of 2nd period - Goal by Anton Lander - Mulligans : 5 - Sasquatch : 3.
15:11 of 2nd period - Maxime Macenauer wins face-off versus Jason Zucker in neutral zone.
15:14 of 2nd period - Snap shot by Jonathan Tremblay.
15:14 of 2nd period - Stopped by Corey Crawford with a rebound.
15:16 of 2nd period - Snap shot by Jonathan Tremblay.
15:16 of 2nd period - Goal by Jonathan Tremblay - Mulligans : 6 - Sasquatch : 3.
15:17 of 2nd period - Nick Bjugstad wins face-off versus Maxime Macenauer in neutral zone.
16:25 of 2nd period - Wrist shot by Nick Bjugstad.
16:25 of 2nd period - Stopped by Anders Lindback with a rebound.
16:27 of 2nd period - Slapshot by Matt Halischuk.
16:27 of 2nd period - Stopped by Anders Lindback with a rebound.
16:29 of 2nd period - Wrist shot by Matt Halischuk.
16:29 of 2nd period - Goal by Matt Halischuk - Mulligans : 6 - Sasquatch : 4.
16:30 of 2nd period - Maxime Macenauer wins face-off versus Jason Zucker in neutral zone.
16:33 of 2nd period - Jason Zucker is hit by Eric Tangradi and loses puck.
16:56 of 2nd period - Derek Dorsett is hit by Teemu Hartikainen and loses puck.
17:03 of 2nd period - Wrist shot by Petr Straka.
17:03 of 2nd period - Stopped by Anders Lindback without a rebound.
17:04 of 2nd period - Nick Bjugstad wins face-off versus Anton Lander in Mulligans zone.
17:31 of 2nd period - Snap shot by Jonathan Tremblay.
17:31 of 2nd period - Shot Blocked by Filip Forsberg.
17:33 of 2nd period - Wrist shot by Dalton Thrower.
17:33 of 2nd period - Shot Blocked by Andrew Campbell.
17:35 of 2nd period - Slapshot by Dalton Thrower.
17:35 of 2nd period - Stopped by Corey Crawford without a rebound.
17:36 of 2nd period - Maxime Macenauer wins face-off versus Jason Zucker in Sasquatch zone.
18:03 of 2nd period - Matt Beleskey is hit by Melker Karlsson and loses puck.
18:24 of 2nd period - Slapshot by Nick Leddy.
18:24 of 2nd period - Stopped by Anders Lindback without a rebound.
18:25 of 2nd period - Nick Shore wins face-off versus Sergey Kalinin in Mulligans zone.
18:35 of 2nd period - Benn Ferriero is hit by Sergey Kalinin and loses puck.
19:12 of 2nd period - Slapshot by Jonathan Tremblay.
19:12 of 2nd period - Goal by Jonathan Tremblay - Mulligans : 7 - Sasquatch : 4.
19:13 of 2nd period - Jason Zucker wins face-off versus Eric Tangradi in neutral zone.
19:18 of 2nd period - Wrist shot by Jason Akeson.
19:18 of 2nd period - Goal by Jason Akeson - Mulligans : 7 - Sasquatch : 5.
19:19 of 2nd period - Eric Tangradi wins face-off versus Jason Zucker in neutral zone.
19:28 of 2nd period - Jonathan Tremblay is hit by Jason Zucker and loses puck.
19:38 of 2nd period - Minor Penalty to Matt Niskanen for Holding.
19:39 of 2nd period - Eric Tangradi wins face-off versus Jason Zucker in Mulligans zone.
Goals for this period are 6 for Mulligans vs 5 for Sasquatch.
Shots for this period are 15 for Mulligans vs 14 for Sasquatch.

3rd period


0:01 of 3rd period - Eric Tangradi wins face-off versus Jason Zucker in neutral zone.
0:11 of 3rd period - Snap shot by Patrick Wey.
0:11 of 3rd period - Deflect By Jason Akeson.
0:11 of 3rd period - Shot Misses the Net.
0:11 of 3rd period - Puck is out of play.
0:12 of 3rd period - Eric Tangradi wins face-off versus Jason Zucker in Mulligans zone.
0:12 of 3rd period - Eric Tangradi is hit by Filip Forsberg.
1:38 of 3rd period - Penalty to Matt Niskanen is over, Matt Niskanen is back on ice.
2:24 of 3rd period - Snap shot by Sven Baertschi.
2:24 of 3rd period - Shot Blocked by Lauri Tukonen.
2:36 of 3rd period - Slapshot by Drayson Bowman.
2:36 of 3rd period - Shot Misses the Net.
4:35 of 3rd period - Slapshot by Matt Niskanen.
4:35 of 3rd period - Shot Blocked by Jason Akeson.
4:59 of 3rd period - Snap shot by Jonathan Tremblay.
4:59 of 3rd period - Shot Blocked by Petr Straka.
5:01 of 3rd period - Slapshot by Darren Dietz.
5:01 of 3rd period - Shot Blocked by Slava Voynov.
5:05 of 3rd period - Slapshot by Matt Niskanen.
5:05 of 3rd period - Shot Misses the Net.
5:07 of 3rd period - Snap shot by Maxime Macenauer.
5:07 of 3rd period - Stopped by Corey Crawford without a rebound.
5:08 of 3rd period - Nick Bjugstad wins face-off versus Anton Lander in Sasquatch zone.
5:08 of 3rd period - Nick Bjugstad is hit by Derek Dorsett.
5:14 of 3rd period - Wrist shot by Matt Beleskey.
5:14 of 3rd period - Shot Misses the Net.
5:34 of 3rd period - Dalton Thrower is hit by Slava Voynov and loses puck.
5:40 of 3rd period - Icing by Maxime Macenauer.
5:41 of 3rd period - Jason Akeson wins face-off versus Maxime Macenauer in Mulligans zone.
5:44 of 3rd period - Wrist shot by Filip Forsberg.
5:44 of 3rd period - Stopped by Anders Lindback with a rebound.
5:59 of 3rd period - Minor Penalty to Nick Leddy for Delaying the game.
6:00 of 3rd period - Maxime Macenauer wins face-off versus Teemu Hartikainen in Sasquatch zone.
6:02 of 3rd period - Snap shot by Eric Tangradi.
6:02 of 3rd period - Stopped by Corey Crawford without a rebound.
6:03 of 3rd period - Teemu Hartikainen wins face-off versus Maxime Macenauer in Sasquatch zone.
7:26 of 3rd period - Snap shot by Derek Dorsett.
7:26 of 3rd period - Shot Misses the Net.
7:28 of 3rd period - Slapshot by Matt Niskanen.
7:28 of 3rd period - Shot Blocked by Lauri Tukonen.
7:30 of 3rd period - Snap shot by Matt Niskanen.
7:30 of 3rd period - Stopped by Corey Crawford with a rebound.
7:32 of 3rd period - Wrist shot by Matt Beleskey.
7:32 of 3rd period - Goal by Matt Beleskey - Mulligans : 8 - Sasquatch : 5.
7:32 of 3rd period - Joonas Korpisalo enters game.
7:33 of 3rd period - Anton Lander wins face-off versus Jason Zucker in neutral zone.
8:41 of 3rd period - Wrist shot by Matt Halischuk.
8:41 of 3rd period - Deflect By Matt Beleskey.
8:41 of 3rd period - Goal by Matt Halischuk - Mulligans : 8 - Sasquatch : 6.
8:42 of 3rd period - Jason Zucker wins face-off versus Eric Tangradi in neutral zone.
8:45 of 3rd period - Backhand shot by Patrick Wey.
8:45 of 3rd period - Shot Misses the Net.
9:19 of 3rd period - Off-side.
9:20 of 3rd period - Jason Zucker wins face-off versus Maxime Macenauer in neutral zone.
9:47 of 3rd period - Icing by Melker Karlsson.
9:48 of 3rd period - Brock Trotter wins face-off versus Benn Ferriero in Sasquatch zone.
9:56 of 3rd period - Minor Penalty to Melker Karlsson for Interference.
9:57 of 3rd period - Maxime Macenauer wins face-off versus Teemu Hartikainen in Sasquatch zone.
9:57 of 3rd period - Slapshot by Thomas Hickey.
9:57 of 3rd period - Shot Misses the Net.
9:59 of 3rd period - Snap shot by Maxime Macenauer.
9:59 of 3rd period - Shot Blocked by Martin Marincin.
10:01 of 3rd period - Wrist shot by Jonathan Tremblay.
10:01 of 3rd period - Stopped by Joonas Korpisalo without a rebound.
10:02 of 3rd period - Maxime Macenauer wins face-off versus Teemu Hartikainen in Sasquatch zone.
10:13 of 3rd period - Snap shot by Thomas Hickey.
10:13 of 3rd period - Deflect By Eric Tangradi.
10:13 of 3rd period - Shot Misses the Net.
10:13 of 3rd period - Puck is out of play.
10:14 of 3rd period - Maxime Macenauer wins face-off versus Teemu Hartikainen in Sasquatch zone.
10:29 of 3rd period - Snap shot by Eric Tangradi.
10:29 of 3rd period - Stopped by Joonas Korpisalo without a rebound.
10:30 of 3rd period - Maxime Macenauer wins face-off versus Teemu Hartikainen in Sasquatch zone.
10:55 of 3rd period - Matt Niskanen is hit by Andrew Campbell and loses puck.
11:36 of 3rd period - Brock Trotter is hit by Derek Dorsett and loses puck.
11:56 of 3rd period - Penalty to Melker Karlsson is over, Melker Karlsson is back on ice.
12:05 of 3rd period - Melker Karlsson is hit by Nick Shore and loses puck.
12:14 of 3rd period - Wrist shot by Melker Karlsson.
12:14 of 3rd period - Stopped by Anders Lindback with a rebound.
12:16 of 3rd period - Wrist shot by Melker Karlsson.
12:16 of 3rd period - Stopped by Anders Lindback without a rebound.
12:17 of 3rd period - Jason Zucker wins face-off versus Christoph Bertschy in Mulligans zone.
12:34 of 3rd period - Darren Dietz is hit by Filip Forsberg and loses puck.
13:43 of 3rd period - Thomas Hickey is hit by Slava Voynov and loses puck.
14:08 of 3rd period - Snap shot by Maxime Macenauer.
14:08 of 3rd period - Stopped by Joonas Korpisalo with a rebound.
14:10 of 3rd period - Wrist shot by Jonathan Tremblay.
14:10 of 3rd period - Shot Blocked by Slava Voynov.
14:12 of 3rd period - Slapshot by Cody Goloubef.
14:12 of 3rd period - Shot Hit the Post.
14:14 of 3rd period - Slapshot by Cody Goloubef.
14:14 of 3rd period - Stopped by Joonas Korpisalo with a rebound.
14:16 of 3rd period - Slapshot by Cody Goloubef.
14:16 of 3rd period - Stopped by Joonas Korpisalo with a rebound.
14:26 of 3rd period - Slava Voynov is hit by Cody Goloubef and loses puck.
14:33 of 3rd period - Snap shot by Drayson Bowman.
14:33 of 3rd period - Stopped by Joonas Korpisalo without a rebound.
14:34 of 3rd period - Anton Lander wins face-off versus Jason Zucker in Sasquatch zone.
14:59 of 3rd period - Jason Zucker is hit by Drayson Bowman and loses puck.
15:42 of 3rd period - Cody Goloubef is hit by Nick Bjugstad and loses puck.
15:57 of 3rd period - Minor Penalty to Brock Trotter for Slashing.
15:58 of 3rd period - Maxime Macenauer wins face-off versus Teemu Hartikainen in Sasquatch zone.
16:03 of 3rd period - Slapshot by Maxime Macenauer.
16:03 of 3rd period - Goal by Maxime Macenauer - Mulligans : 9 - Sasquatch : 6.
16:04 of 3rd period - Maxime Macenauer wins face-off versus Nick Bjugstad in neutral zone.
16:16 of 3rd period - Slapshot by Nick Leddy.
16:16 of 3rd period - Stopped by Anders Lindback without a rebound.
16:17 of 3rd period - Nick Bjugstad wins face-off versus Maxime Macenauer in Mulligans zone.
16:42 of 3rd period - Jason Akeson is hit by Derek Dorsett and loses puck.
17:05 of 3rd period - Cody Goloubef is hit by Patrick Wey and loses puck.
17:33 of 3rd period - Snap shot by Logan Shaw.
17:33 of 3rd period - Shot Misses the Net.
17:35 of 3rd period - Slapshot by Cade Fairchild.
17:35 of 3rd period - Stopped by Joonas Korpisalo without a rebound.
17:36 of 3rd period - Maxime Macenauer wins face-off versus Jason Zucker in Sasquatch zone.
17:37 of 3rd period - Snap shot by Jonathan Tremblay.
17:37 of 3rd period - Stopped by Joonas Korpisalo with a rebound.
17:39 of 3rd period - Wrist shot by Maxime Macenauer.
17:39 of 3rd period - Stopped by Joonas Korpisalo without a rebound.
17:40 of 3rd period - Maxime Macenauer wins face-off versus Jason Akeson in Sasquatch zone.
18:47 of 3rd period - Maxime Macenauer is hit by Martin Marincin and loses puck.
18:54 of 3rd period - Wrist shot by Nick Bjugstad.
18:54 of 3rd period - Stopped by Anders Lindback without a rebound.
18:55 of 3rd period - Anton Lander wins face-off versus Jason Zucker in Mulligans zone.
19:09 of 3rd period - Snap shot by Derek Dorsett.
19:09 of 3rd period - Stopped by Joonas Korpisalo with a rebound.
19:21 of 3rd period - Brock Trotter is hit by Cade Fairchild and loses puck.
Goals for this period are 2 for Mulligans vs 1 for Sasquatch.
Shots for this period are 15 for Mulligans vs 6 for Sasquatch.